AoeStats
← Buen Levi

Black Forest

509224321Analyzed
2v2 RM · 8d ago on Sep 26, 2026· 164m 6s· 4 players
Game mode
Random Map
Map size
Medium (4 player)
Population
200
Speed
Normal
Resources
Standard
Victory
Conquest
Starting age
Dark Age
Ending age
Imperial Age
RankedLock teamsTeams togetherTeam positionsShared explorationLock speedFull tech treeHidden civsTurbo modeCheats
Victory
Defeat
🇷🇴 Mongols · Romania
806
+31
🇷🇴 Celts · Romania
733
+34
🇺🇸 Khmer · United States
695
-13
🇪🇨 Sicilians · Ecuador
675
-12
Secret Tunnels
0:26 Loom
12:39 Feudal Age
15:20 Double-Bit Axe
15:44 Town Watch
16:56 Horse Collar
18:28 Gold Mining
18:29 Stone Mining
22:52 Castle Age
21:53 Bloodlines
23:33 Wheelbarrow
30:30 Hand Cart
30:39 Bow Saw
32:15 Padded Archer Armor
32:05 Fletching
32:20 Elite Skirmisher
32:59 Murder Holes
34:08 Husbandry
34:57 Guard Tower
36:01 Scale Barding Armor
36:06 Forging
37:09 Scale Mail Armor
37:29 Chain Barding Armor
37:22 Fortified Wall
37:36 Ballistics
38:40 Herbal Medicine
38:56 Fervor
39:09 Masonry
39:37 Iron Casting
38:58 Bodkin Arrow
39:18 Leather Archer Armor
39:19 Chain Mail Armor
41:37 Imperial Age
39:09 Town Patrol
42:09 Caravan
42:16 Capped Ram
43:27 Conscription
43:18 Heavy Plow
44:20 Blast Furnace
43:22 Bracer
43:47 Double Crossbow
43:20 Heavy Scorpion
45:35 Ring Archer Armor
45:51 Gold Shaft Mining
45:52 Stone Shaft Mining
46:08 Crop Rotation
46:34 Tusk Swords
47:13 Elite Ballista Elephant
47:23 Light Cavalry
48:36 Siege Engineers
53:12 Hussar
53:13 Elite Battle Elephant
67:09 Plate Barding Armor
67:07 Architecture
69:11 Siege Ram
77:50 Keep
93:31 Heavy Cavalry Archer
94:36 Parthian Tactics
Buen Levi
0:27 Loom
16:41 Feudal Age
17:26 Double-Bit Axe
26:10 Horse Collar
30:04 Castle Age
31:09 Scale Mail Armor
31:21 Forging
34:29 Chain Mail Armor
35:29 Scale Barding Armor
41:38 Stone Mining
43:40 Bow Saw
43:33 Heavy Plow
49:18 Gold Mining
56:07 Imperial Age
56:55 Cavalier
57:43 Hauberk
58:51 Crop Rotation
60:45 Chain Barding Armor
61:43 First Crusade
62:52 Gold Shaft Mining
63:06 Onager
68:54 Siege Onager
74:24 Capped Ram
74:30 Elite Serjeant
76:14 Plate Mail Armor
76:20 Iron Casting
76:20 Siege Ram
78:07 Chemistry
77:14 Siege Engineers
77:06 Murder Holes
77:09 Fletching
83:48 Arson
85:23 Blast Furnace
83:53 Light Cavalry
84:25 Heavy Scorpion
89:11 Caravan
102:59 Elite Skirmisher
108:23 Husbandry
108:42 Bloodlines
Áron
5:17 Loom
11:55 Feudal Age
13:19 Wheelbarrow
12:32 Double-Bit Axe
15:01 Town Watch
15:59 Horse Collar
21:00 Castle Age
22:00 Hand Cart
23:05 Bow Saw
25:28 Heavy Plow
27:40 Town Patrol
28:14 Ballistics
31:05 Gold Mining
31:36 Fletching
31:52 Scale Barding Armor
31:58 Forging
31:52 Padded Archer Armor
32:25 Thumb Ring
33:01 Masonry
33:50 Elite Skirmisher
37:27 Iron Casting
37:12 Chain Barding Armor
36:48 Bodkin Arrow
36:16 Pikeman
36:57 Squires
36:45 Arson
37:05 Squires
36:50 Crossbowman
37:49 Leather Archer Armor
37:35 Scale Mail Armor
39:51 Gold Shaft Mining
39:08 Stone Mining
43:04 Imperial Age
42:44 Chain Mail Armor
42:31 Murder Holes
44:03 Siege Engineers
44:52 Stone Shaft Mining
44:46 Drill
47:38 Conscription
48:34 Onager
50:51 Heavy Scorpion
51:53 Siege Onager
61:10 Parthian Tactics
60:10 Elite Mangudai
64:30 Caravan
82:00 Bracer
83:00 Blast Furnace
82:35 Plate Mail Armor
107:44 Man-at-Arms
108:54 Bracer
108:17 Arbalester
110:07 Chemistry
113:30 Long Swordsman
114:07 Two-Handed Swordsman
114:57 Champion
144:21 Capped Ram
145:21 Siege Ram
155:05 Spies/Treason
nemtudom
12:44 Feudal Age
12:49 Man-at-Arms
23:39 Castle Age
23:48 Long Swordsman
24:17 Gambesons
24:20 Arson
28:14 Double-Bit Axe
31:11 Wheelbarrow
32:04 Scale Mail Armor
33:27 Scale Barding Armor
35:30 Horse Collar
37:15 Crossbowman
39:57 Hand Cart
42:19 Chain Mail Armor
47:56 Imperial Age
45:51 Bow Saw
46:35 Fletching
46:46 Padded Archer Armor
46:57 Forging
48:09 Two-Handed Swordsman
50:34 Chain Barding Armor
50:36 Leather Archer Armor
50:19 Bodkin Arrow
51:02 Champion
57:59 Ring Archer Armor
58:04 Iron Casting
58:01 Plate Mail Armor
58:10 Onager
60:30 Pikeman
63:47 Blast Furnace
66:21 Chemistry
65:59 Heavy Plow
67:18 Chain Barding Armor
66:38 Halberdier
68:12 Guilds
89:18 Siege Onager
153:41 Coinage
155:16 Banking
Connection lost

Rejoining the realm…

Still unreachable

The connection could not be restored.

Session expired

The server has moved on; the page needs a fresh start.